 Dungeon Crawl Stone Soup version 0.30.0-19-g36f170ea60 (webtiles) character file.

Game seed: 9923932190392168615

93 Hryak the Chopper (level 4, -2/40 HPs)
             Began as a Hill Orc Fighter on May 28, 2023.
             Slain by Sigmund
             ... wielding a +3 scythe
              (4 damage)
             ... on level 2 of the Dungeon.
             The game lasted 00:07:35 (1124 turns).

Hryak the Chopper (Hill Orc Fighter)                Turns: 1124, Time: 00:07:35

Health: -2/40      AC: 11    Str: 20    XL:     4   Next: 62%
Magic:  4/4        EV:  5    Int:  8    God:
Gold:   141        SH:  0    Dex: 10    Spells: 3/3 levels left

rFire   . . .        a - +0 war axe
rCold   . . .        c - +0 buckler
rNeg    . . .        e - +0 plate armour
rPois   .            (no helmet)
rElec   .            (no cloak)
rCorr   .            (no gloves)
SInv    .            (no boots)
Will    .....        (no amulet) Stlth
                     (no ring)
HPRegen 0.26/turn    (no ring)
MPRegen 0.09/turn

%: no passive effects
@: confused
A: no striking features
a: no special abilities


You were on level 2 of the Dungeon.
You visited 1 branch of the dungeon, and saw 2 of its levels.

You collected 141 gold pieces.

Inventory:

Hand Weapons
 a - a +0 war axe (weapon)
Armour
 b - a +0 scale mail
 c - a +0 buckler (worn)
 e - a +0 plate armour (worn)
Jewellery
 f - a +5 ring of evasion
 h - a +6 ring of strength
Scrolls
 g - a scroll of identify {unknown}
 i - 2 scrolls of enchant weapon {unknown}
 j - a scroll of silence {unknown}
 k - 4 scrolls of blinking {unknown}
 l - 2 scrolls of vulnerability {unknown}
Potions
 d - a potion of might
 m - a potion of resistance {unknown}
 n - a potion of ambrosia {unknown}


   Skills:
 - Level 3.6 Fighting
 * Level 6.1 Axes
 - Level 3.3 Armour
 - Level 3.3 Shields


You had 3 spell levels left.
You didn't know any spells.
Your spell library was empty.

Dungeon Overview and Level Annotations

Branches:
Dungeon (2/15)

Altars:

Shops:
D:2 (

Annotations:
D:2 Sigmund


Message History

Things that are here:
a +0 scimitar; a goblin corpse The kobold shouts!
The kobold hits you but does no damage.
You hit the kobold.
You kill the kobold!
Things that are here:
a +0 whip; 4 stones; a kobold corpse Sigmund the Dreaded comes into view.
He is wielding a +3 scythe.
Sigmund shouts!
Sigmund moves out of view.
Sigmund casts a spell.
Sigmund flickers and vanishes!
Deactivating autopickup; reactivate with Ctrl-A.
Found a stone staircase leading down.
Something hits you. Something hits you. Something hits you.
You block something's attack. Something hits you.
You hear some strange, mumbled words.
A puff of flame appears from out of thin air!
The puff of flame hits you. You block something's attack.
You completely miss something.
A hobgoblin comes into view.
Something hits you.
You barely miss something. You hit something.
You hear some strange, mumbled words.
You are confused.
Something hits you but does no damage.
You bump into the rock wall.
Something hits you!
* * * LOW HITPOINT WARNING * * *
Something hits you!
* * * LOW HITPOINT WARNING * * *
You bump into the rock wall.
You bump into the rock wall.
Something hits you but does no damage. Something hits you.
You die...

#.##.## #. ..##..#
.. #.....## ##. #
#......### ##...#
.........######...#.
#......#........#..
...).#.####..#.##.#
######.......#.##.#
###########...g{@.#
....# ####.####
###.####### >....
###.......#.##.#.#
..#.......# #.#.#
#.#.......# #.. .
..........# ### .#
.<........# #
..........#


You could see a hobgoblin.

Vanquished Creatures
  Jessica (D:2)
  2 adders (D:2)
  A dart slug (D:1)
  6 ball pythons
  4 bats
  6 endoplasms
  2 giant cockroaches (D:1)
  3 goblins
  3 hobgoblins
  3 jackals
  2 quokkas (D:1)
  A frilled lizard (D:1)
  5 kobolds
  4 rats
43 creatures vanquished.

Notes
Turn   | Place    | Note
-------+----------+-------------------------------------------
     0 | D:1      | Hryak the Hill Orc Fighter began the quest for the Orb.
     0 | D:1      | Reached XP level 1. HP: 19/19 MP: 1/1
   264 | D:1      | Reached skill level 3 in Axes
   319 | D:1      | Reached XP level 2. HP: 27/27 MP: 2/2
   436 | D:1      | Reached skill level 4 in Axes
   490 | D:1      | Reached XP level 3. HP: 33/33 MP: 3/3
   845 | D:2      | Noticed Jessica
   846 | D:2      | Killed Jessica
   847 | D:2      | Reached skill level 5 in Axes
   847 | D:2      | Reached XP level 4. HP: 35/40 MP: 4/4
   880 | D:2      | Found Hualac's Antique Weapon Shop.
   967 | D:2      | Reached skill level 6 in Axes
  1104 | D:2      | Noticed Sigmund
  1121 | D:2      | HP: 2/40 [something (9)]
  1124 | D:2      | Slain by Sigmund

Illustrated notes

Levels and vault maps discovered:
D:1:      shiori_shiawase, layout_basic
D:2:      layout_loops_cross, serial_shops, nicolae_shop_just_a_little_nook,
          nicolae_lakefront_shop, nicolae_shop_gaudy_bauble,
          minmay_randomly_rotated_circles, uniq_crazy_yiuf_cottage,
          uniq_sigmund, uniq_jessica

Skill      XL: |  1  2  3  4 |
---------------+-------------+-----
Axes           | 3 4 5 6 |  6.1
Fighting       | |  3.6
Armour         | |  3.3
Shields        | |  3.3

Action                     |  1- 3 |  4- 6 || total
---------------------------+-------+-------++-------
  Melee: War axe           |    71 |    40 ||   111
 Armour: Scale mail        |    10 |       ||    10
         Plate armour      |    43 |    25 ||    68
  Dodge: Dodged            |    21 |     4 ||    25
  Block: Buckler           |    13 |     7 ||    20
